 Dungeon Crawl Stone Soup version 0.30-a0-1018-g25214051b3 (webtiles) character file.

Game seed: 11802178935536215151

464 gelatine the Firebug (level 6, -2/42 HPs)
             Began as a Demonspawn Fire Elementalist on Apr 7, 2023.
             Was an Initiate of Vehumet.
             Slain by Dowan
             ... wielding a +2 dagger of electrocution
              (4 damage)
             ... on level 4 of the Dungeon.
             The game lasted 00:11:17 (5204 turns).

gelatine the Firebug (Demonspawn Fire Elementalist) Turns: 5204, Time: 00:11:17

Health: -2/42      AC:  5    Str:  8    XL:     6   Next: 80%
Magic:  7/11       EV: 12    Int: 18    God:    Vehumet [......]
Gold:   189        SH:  0    Dex: 14    Spells: 6/12 levels left

rFire   . . .      SeeInvis .    m - +4 hand axe
rCold   . . .      Faith    .    (no shield)
rNeg    . . .      Spirit   .    t - +0 robe {Will+}
rPois   .          Reflect  .    (no helmet)
rElec   .          Rampage  .    (no cloak)
rCorr   .                        c - +2 pair of gloves
Will    +....                    (no boots)
Stlth   ++                       (no amulet)
HPRegen 0.27/turn                o - ring of flight
MPRegen 0.12/turn                (no ring)

@: lethally poisoned (-2 -> -15), flying
A: claws 1, sturdy frame 2
a: Renounce Religion


You were on level 4 of the Dungeon.
You worshipped Vehumet.
Vehumet was noncommittal.
You visited 1 branch of the dungeon, and saw 4 of its levels.

You collected 189 gold pieces.

Inventory:

Hand Weapons
 k - the +4 mace of Pyromania {pain, *Corrode rPois rF++ Dex+2}
   (You found it on level 3 of the Dungeon)

   Dex:       It affects your dexterity (+2).
   rF:        It greatly protects you from fire.
   rPois:     It protects you from poison.
   *Corrode:  It may corrode you when you take damage.
 m - a +4 hand axe (weapon)
Armour
 c - a +2 pair of gloves (worn)
 t - a +0 robe of willpower (worn)
Magical Staves
 p - a staff of conjuration
Jewellery
 o - a ring of flight (left hand)
Wands
 l - a wand of iceblast (9)
Scrolls
 a - a scroll of magic mapping
 d - a scroll of poison {unknown}
 e - a scroll of fear {unknown}
 f - a scroll of vulnerability {unknown}
 h - 5 scrolls of enchant armour
 i - 2 scrolls of amnesia
 n - 2 scrolls of fog {unknown}
 q - 2 scrolls of immolation {unknown}
 s - a scroll of blinking {unknown}
 v - a scroll of noise {unknown}
Potions
 b - a potion of magic
 j - 2 potions of attraction
 r - 2 potions of flight
 u - a potion of ambrosia
 w - a potion of might


   Skills:
 * Level 0.9 Fighting
 + Level 0.1 Short Blades
 * Level 2.0 Axes
 * Level 2.4 Dodging
 + Level 2.3 Stealth
 + Level 3.6 Spellcasting
 * Level 2.5 Conjurations
 * Level 4.1 Fire Magic
 * Level 1.9 Evocations


You had 6 spell levels left.
You knew the following spells:

 Your Spells              Type           Power      Damage    Failure   Level
a - Foxfire               Conj/Fire      60%        2x1d7     3%          1
b - Scorch                Fire           36%        2d6       4%          2
c - Volatile Blastmotes   Fire/Tloc      20%        2d11      19%         3

Your spell library contained the following spells:

 Spells                   Type           Power      Damage    Failure   Level
 Inner Flame              Hex/Fire       10%        N/A       21%         3
 Flame Wave               Conj/Fire      15%        2d7       36%         4


Dungeon Overview and Level Annotations

Branches:
Dungeon (4/15)
 Temple: D:4-7

Altars:
Hepliaklqana
Makhleb
Ru
Vehumet

Annotations:
D:4 1 runed translucent door, Dowan, Duvessa


Innate Abilities, Weirdness & Mutations

You have sharp fingernails.
Your movements are less encumbered by armour. (ER -4)


Message History

Duvessa is almost dead.
You feel very sick. Duvessa closely misses you.
You closely miss Duvessa.
Duvessa is almost dead.
You feel sick.
Duvessa hits you with a +3 short sword of venom.
You are more poisoned.
You barely miss Duvessa.
Duvessa is almost dead.
You feel very sick.
Duvessa hits you with a +3 short sword of venom.
You are more poisoned.
Duvessa hits you with a +3 short sword of venom.
You closely miss Duvessa.
Duvessa is almost dead.
You feel extremely sick.
Duvessa gestures with her weapon.
Duvessa hits you with a +3 short sword of venom!
* * * LOW HITPOINT WARNING * * *
You are more poisoned.
You feel better. Duvessa closely misses you. Magic courses through your body.
Casting: Foxfire (safe; 3% risk of failure)
Confirm with . or Enter, or press ? or * to list all spells.
Flames lash Dowan.
Dowan is severely wounded.
Dowan's fire resistance burns away.
Duvessa hits you with a +3 short sword of venom!
* * * LOW HITPOINT WARNING * * *
You are lethally poisoned!
Casting: Scorch (safe; 4% risk of failure)
Confirm with . or Enter, or press ? or * to list all spells.
Flames lash Duvessa.
Duvessa is almost dead.
Duvessa's fire resistance burns away.
* * * LOW HITPOINT WARNING * * *
You feel very sick.
Dowan hits you with a +2 dagger of electrocution.
You die...

... ##..#.## # #.#
#.#### #.# #..#.##
#.# #.....### #.#
#######........ #<#
#.............. #.#
#.####.......#.
#e###.#####..#..###
#e@.....###.#####..
#####.#......#..###
#.#####......#. #.#
#........
#.#####.#.##.##
#.......#.##.##
#########.##..#
#######'# #..'.....


You could see Duvessa (combustible) and Dowan (combustible).

Vanquished Creatures
  A phantom (D:4)
  A scorpion (D:4)
  2 hounds (D:4)
  Jessica (D:2)
  An orc wizard (D:3)
  4 gnolls (D:2)
  9 adders
  8 orcs
  8 ball pythons
  2 bats (D:2)
  9 endoplasms
  3 giant cockroaches
  6 goblins
  15 hobgoblins
  11 kobolds
  3 quokkas
  7 frilled lizards
  3 rats
94 creatures vanquished.

Vanquished Creatures (others)
  An orc (D:3)
  362 foxfires
  13 plants (D:3)
376 creatures vanquished.

Grand Total: 470 creatures vanquished

Notes
Turn   | Place    | Note
-------+----------+-------------------------------------------
     0 | D:1      | gelatine the Demonspawn Fire Elementalist began the quest
                  | for the Orb.
     0 | D:1      | Reached XP level 1. HP: 13/13 MP: 3/3
    74 | D:1      | You fall into a shaft and drop 1 floor!
    78 | D:2      | Noticed Jessica
   143 | D:3      | Reached skill level 3 in Fire Magic
   143 | D:3      | Gained mutation: Your movements are slightly less
                  | encumbered by armour. (ER -2) [demonic ancestry]
   143 | D:3      | Reached XP level 2. HP: 19/19 MP: 1/5
   214 | D:3      | Gained mutation: You have sharp fingernails. [demonic
                  | ancestry]
   214 | D:3      | Reached XP level 3. HP: 11/24 MP: 0/6
   675 | D:3      | Gained mutation: Your movements are less encumbered by
                  | armour. (ER -4) [demonic ancestry]
   675 | D:3      | Reached XP level 4. HP: 30/30 MP: 3/7
   785 | D:3      | Identified the +4 mace of Pyromania {pain, *Corrode rPois
                  | rF++ Dex+2}
   908 | D:3      | Learned a level 2 spell: Scorch
  2519 | D:2      | Killed Jessica
  2520 | D:2      | Reached XP level 5. HP: 35/35 MP: 5/9
  4053 | D:3      | Learned a level 3 spell: Volatile Blastmotes
  4219 | D:4      | Found a radiant altar of Vehumet.
  4226 | D:4      | Became a worshipper of Vehumet
  4320 | D:4      | Noticed a phantom
  4325 | D:4      | Killed a phantom
  4326 | D:4      | Reached skill level 1 in Axes
  4326 | D:4      | Reached skill level 1 in Evocations
  4326 | D:4      | Reached XP level 6. HP: 36/42 MP: 0/10
  4405 | D:4      | Found a sacrificial altar of Ru.
  4504 | D:4      | Found a burning altar of Makhleb.
  4510 | D:4      | Reached skill level 4 in Fire Magic
  4626 | D:4      | Found a hazy altar of Hepliaklqana.
  5037 | D:4      | Found a runed translucent door.
  5182 | D:4      | Noticed Dowan
  5184 | D:4      | Noticed Duvessa
  5204 | D:4      | HP: 2/42 [poisoned by Duvessa]
  5204 | D:4      | Slain by Dowan

Illustrated notes

Levels and vault maps discovered:
D:1:      lightli_arrival_flooded_house, layout_basic, hangedman_decor_growths
D:2:      layout_basic, uniq_jessica
D:3:      layout_loops_ring, minmay_misc_feat_doors, hex_large,
          serial_bayou_lagoon_b
D:4:      layout_loops_corners, mainiacjoe_overflow_small_starburst,
          makhleb_heckhound_becter, mainiacjoe_overflow_six_doors_small,
          nicolae_overflow_crystal_walls, temple_green, ebering_ghost_sewer_f,
          nicolae_half_adder, uniq_duvessa

Skill      XL: |  1  2  3  4  5  6 |
---------------+-------------------+-----
Fire Magic     | 3 4 |  4.1
Stealth        | 2 |  2.3
Dodging        | 2 |  2.4
Spellcasting   | 3 |  3.6
Conjurations   | 2 |  2.5
Axes           | 1 2 |  2.0
Evocations     | 1 |  1.9
Fighting       | |  0.9
Short Blades   | |  0.1

Action                     |  1- 3 |  4- 6 || total
---------------------------+-------+-------++-------
  Melee: Short sword       |    14 |     1 ||    15
         Unarmed           |     1 |       ||     1
         Mace              |       |     2 ||     2
         Hand axe          |       |    29 ||    29
   Cast: Foxfire           |    28 |   195 ||   223
         Scorch            |       |    12 ||    12
         Volatile Blastmot |       |     2 ||     2
  Evoke: Wand              |       |     2 ||     2
    Use: Potion            |     1 |     3 ||     4
         Scroll            |       |     9 ||     9
   Stab: Sleeping          |     1 |       ||     1
 Armour: Robe              |     2 |    19 ||    21
  Dodge: Dodged            |    16 |    36 ||    52

Table legend: (Time is in decaauts)
 A = Elapsed time spent in this place.
 B = Non-inter-level travel time spent in this place.
 C = Inter-level travel time spent in this place.
 D = Time resting spent in this place.
 E = Time spent auto-exploring this place.
 F = Levels seen in this place.
 G = Mean time per level.
                   A        B        C        D        E       F      G
               +--------+--------+--------+--------+--------+-----+--------+
         Total |   5228 |   5155 |     73 |      0 |   4495 |   4 | 1307.0 |
       Dungeon |   5228 |   5155 |     73 |      0 |   4495 |   4 | 1307.0 |
               +--------+--------+--------+--------+--------+-----+--------+

Top non-repeatable levels by time:
     D:2: 1443 daAuts
     D:1: 1412 daAuts
     D:3: 1284 daAuts
     D:4: 1089 daAuts
